 Dungeon Crawl Stone Soup version 0.28-a0-1616-g050a50673c (webtiles) character file.

Game seed: 10095143136309045711

78980 mcbry74 the Brawler (level 15, 0/158 HPs)
             Began as a Troll Berserker on Jan 22, 2022.
             Was the Champion of Trog.
             Killed from afar by a deep elf knight (23 damage)
             ... with a shard of ice
             ... on level 13 of the Dungeon.
             The game lasted 01:35:12 (21936 turns).

mcbry74 the Brawler (Troll Berserker)              Turns: 21936, Time: 01:35:13

Health: 0/158      AC: 20    Str: 33    XL:     15   Next: 19%
Magic:  14/14      EV:  6    Int: 11    God:    Trog [******]
Gold:   1258       SH:  5    Dex:  9    Spells: 14/14 levels left

rFire   + . .      SeeInvis +     - Unarmed
rCold   + . .      Faith    .   (no shield)
rNeg    . . .      Spirit   .   W - +0 gold dragon scales
rPois   +          Reflect  +   (helmet restricted)
rElec   .          Harm     .   X - +0 cloak {Stlth+}
rCorr   .          Rampage  .   (gloves unavailable)
Will    +....                   (boots unavailable)
Stlth   ..........              w - amulet of reflection
HPRegen 1.16/turn               n - +6 ring of intelligence
MPRegen 0.14/turn               h - ring of see invisible

@: about to teleport, studying Evocations
A: large, unfitting armour, claws 3, regeneration 1, shaggy fur 1, tough skin 1
a: Renounce Religion, Berserk, Trog's Hand, Brothers in Arms


You were on level 13 of the Dungeon.
You worshipped Trog.
Trog was exalted by your worship.
You visited 2 branches of the dungeon, and saw 19 of its levels.
You also visited: Sewer and Ossuary.

You collected 3879 gold pieces.
You spent 2621 gold pieces at shops.

Inventory:

Hand Weapons
 F - a +4 vorpal dagger
 L - a +0 flail of holy wrath
 T - the +3 giant club "Skullcrusher" {speed, Str+7}
   (Trog gifted it to you on level 11 of the Dungeon)

   Attacks with this weapon are significantly faster.
   Str:       It affects your strength (+7).
Missiles
 u - 3 throwing nets
 A - 5 boomerangs
 B - 7 large rocks (quivered)
 N - a curare-tipped dart
 S - 2 javelins
Armour
 C - a +1 kite shield
 D - a +0 troll leather armour
 W - +0 gold dragon scales (worn)
 X - a +0 cloak of stealth (worn)
Jewellery
 a - an amulet of magic regeneration
 g - a +6 ring of dexterity
 h - a ring of see invisible (right claw)
 n - a +6 ring of intelligence (left claw)
 t - a ring of resist corrosion
 w - an amulet of reflection (around neck)
 O - an amulet of the acrobat
 R - a ring of poison resistance
Wands
 i - a wand of digging (5)
 K - a wand of iceblast (6)
 Q - a wand of flame (43)
 V - a wand of mindburst (16)
Scrolls
 c - 11 scrolls of teleportation
 f - 6 scrolls of fear
 k - a scroll of noise
 l - a scroll of silence
 q - 5 scrolls of fog
 x - a scroll of torment
 y - a scroll of enchant weapon
 G - a scroll of summoning
 I - 4 scrolls of blinking
 Y - a scroll of magic mapping
Potions
 d - a potion of magic {unknown}
 e - 2 potions of berserk rage
 j - 14 potions of curing
 o - 3 potions of heal wounds {unknown}
 p - a potion of ambrosia {unknown}
 r - 2 potions of haste
 s - a potion of lignification {unknown}
 v - 4 potions of flight
 z - 2 potions of mutation
 H - 2 potions of degeneration {unknown}
 P - a potion of might {unknown}
 U - a potion of cancellation {unknown}
Miscellaneous
 b - a condenser vane
 m - a phantom mirror
 E - a box of beasts


   Skills:
 - Level 12.5 Fighting
 + Level 8.7 Maces & Flails
 + Level 6.8 Throwing
 * Level 9.0 Armour
 + Level 6.9 Dodging
 - Level 0.3 Stealth
 + Level 4.9 Shields
 - Level 15.0 Unarmed Combat
 * Level 10.3 Evocations


You had 14 spell levels left.
You didn't know any spells.
Your spell library was empty.

Dungeon Overview and Level Annotations

Branches:
Dungeon (13/15)            Temple (0/1) D:5            Lair (6/6) D:8
 Shoals (0/4) Lair:3       Spider (0/4) Lair:3        Slime (0/5) Lair:5
    Orc (0/2) D:11          Sewer (visited)         Ossuary (visited)
 Vaults: D:13-14

Altars:
Fedhas
Nemelex Xobeh
Okawaru
Ru
Trog
Uskayaw
Vehumet
Xom
Zin
Jiyva

Shops:
D:3 ?*(   D:4 [   D:5 [   D:9 *   D:12 [

Portals:
Abyss: Lair:4

Annotations:
Lair:4 1 transporter, Atont's ghost, journeyman DDFi
Lair:6 exclusion: obsidian statue


Innate Abilities, Weirdness & Mutations

You are too large for most types of armour.
You have claws for hands.
Your natural rate of healing is unusually fast.
You are covered in fur. (AC +1)
You have tough skin. (AC +1)


Message History

You barely miss the deep elf knight.
The deep elf knight is lightly wounded.
The deep elf knight casts a spell at you.
The lance of force hits you!!
You are knocked back by the lance of force.
You slam into the metal wall!
You completely miss the deep elf knight.
The deep elf knight is lightly wounded.
The deep elf knight hits you but does no damage.
You closely miss the deep elf knight.
The deep elf knight is lightly wounded.
The deep elf knight hits you with a +0 short sword!
You closely miss the deep elf knight.
The deep elf knight is lightly wounded.
The deep elf knight completely misses you.
You miss the deep elf knight.
The deep elf knight is lightly wounded.
The deep elf knight hits you with a +0 short sword.
The orc knight hits you with a +0 battleaxe!
You closely miss the deep elf knight. Your claw misses the deep elf knight.
The deep elf knight is lightly wounded.
The deep elf knight hits you but does no damage.
The deep elf knight hits you with a +0 short sword.
You eviscerate the deep elf knight!!!
The deep elf knight is almost dead.
The orc knight hits you with a +0 battleaxe!!
The deep elf knight points at you and mumbles some strange words.
The shard of ice hits you! You partially resist.
* * * LOW HITPOINT WARNING * * *
The deep elf knight gestures at you while chanting.
The shard of ice hits you!! You partially resist.
* * * LOW HITPOINT WARNING * * *
As you read the scroll of teleportation, it crumbles to dust.
You feel strangely unstable.
The deep elf knight casts a spell.
The deep elf knight flickers and vanishes for a moment.
The orc knight hits you but does no damage.
The deep elf knight casts a spell at you.
The shard of ice hits you!! You partially resist.
You die...

..#≈≈≈..###....# #...
...≈≈≈≈.##.....# #...#
pp≈≈≈≈..##....# #...#
#≈≈≈≈......#.#### #...#
#≈≈≈≈..##..#.....
#...#####≈≈≈............#
#.......'......###.######
+...#.e.'......# #.#
#.....o.@.....####.#
#...#####≈≈≈.......#
#...# #≈≈≈≈.####.# #...#
###≈≈≈≈.# #.#
#...#....≈≈≈≈.# #.#
#...'....≈≈≈≈.# ##.##
#$..#...#≈≈≈.####...##
#########≈≈..# #.....#
#######..#.####...#####


You could see an orc knight and a deep elf knight (fast, invisible).

Vanquished Creatures
  4 dire elephants
  Snorg (D:9)
  7 hydras
  4 centaur warriors (D:13)
  3 catoblepae
  A boulder beetle (D:13)
  2 two-headed ogres
  Erica (D:10)
  12 death yaks
  A hell hog (Lair:4)
  A spectral death yak (Lair:6)
  A spectral anaconda (Lair:6)
  3 deep elf pyromancers (D:12)
  4 necromancers (Lair:6)
  2 lindwurms
  A wizard (D:13)
  An ugly thing (D:13)
  An orc knight (D:13)
  An oklob plant (Lair:4)
  29 elephants
  2 manticores (D:13)
  2 cyclopes
  2 gargoyles
  6 black mambas
  9 cane toads
  A rime drake (Lair:2)
  Maggie (D:10)
  A dire elephant skeleton (Lair:6)
  11 komodo dragons
  A yaktaur (D:13)
  A kobold demonologist (D:13)
  2 unseen horrors
  A tengu conjurer (D:13)
  A freezing wraith (D:11)
  2 trolls (D:13)
  A hornet (D:7)
  2 polar bears (Lair:6)
  Grinder (D:3)
  6 slime creatures (D:13)
  8 blink frogs
  A snapping turtle (Lair:3)
  A meliai zombie (D:10)
  A spectral elephant (Lair:6)
  13 dream sheep (Lair:6)
  2 culicivoras (Lair:3)
  A shadow (D:9)
  3 wyverns
  A spriggan (Lair:5)
  A culicivora (shapeshifter) (D:13)
  Sigmund (D:6)
  A hog (shapeshifter) (D:9)
  66 yaks
  3 basilisks
  5 vampire mosquitoes (D:13)
  A death yak simulacrum (Lair:6)
  11 water moccasins
  Duvessa (D:5)
  An acid dragon (D:10)
  3 orc warriors
  6 black bears
  An ogre (D:4)
  15 wolves
  14 centaurs
  2 elf zombies
  7 kobold brigands
  8 bullfrogs
  2 gnoll sergeants
  A scorpion (D:5)
  An elf skeleton (D:6)
  A water moccasin zombie (D:7)
  Dowan (D:5)
  3 elephant simulacra (Lair:6)
  9 killer bees
  16 wights
  An electric eel (Lair:5)
  6 howler monkeys
  A bullfrog zombie (D:5)
  3 hounds
  2 human zombies
  6 centaur zombies
  11 orc priests
  2 centaur skeletons
  Crazy Yiuf (D:2)
  2 bullfrog skeletons (D:5)
  6 hell rats (Lair:6)
  An iguana (D:4)
  17 orc wizards
  A killer bee zombie (D:7)
  A hound zombie (Ossuary)
  4 mummies (Ossuary)
  4 howler monkey zombies
  8 adders
  13 gnolls
  3 howler monkey skeletons
  2 river rats (Sewer)
  2 ufetubi
  2 adder zombies (Ossuary)
  4 worms
  3 dart slugs
  59 orcs
  5 bats
  9 endoplasms
  8 giant cockroaches
  A gnoll zombie (Ossuary)
  8 hobgoblins
  A quokka (D:1)
  16 ball pythons
  2 frilled lizards
  8 goblins
  A goblin zombie (Ossuary)
  A hobgoblin zombie (Ossuary)
  2 jackal zombies (Ossuary)
  21 kobolds
  2 orc skeletons (D:6)
  3 orc zombies
  9 rats
607 creatures vanquished.

Vanquished Creatures (others)
  133 fungi
  98 plants
  13 withered plants (Lair:6)
244 creatures vanquished.

Grand Total: 851 creatures vanquished

Notes
Turn   | Place    | Note
-------+----------+-------------------------------------------
     0 | D:1      | mcbry74 the Troll Berserker began the quest for the Orb.
     0 | D:1      | Reached XP level 1. HP: 22/22 MP: 0/0
   163 | D:1      | Reached XP level 2. HP: 29/29 MP: 1/1
   291 | D:1      | Reached skill level 4 in Unarmed Combat
   292 | D:1      | Reached ** piety under Trog
   327 | D:1      | Reached XP level 3. HP: 31/36 MP: 2/2
   853 | D:2      | Found a faded altar of an unknown god.
  1011 | D:2      | Found a runed translucent door.
  1012 | D:2      | Noticed Crazy Yiuf
  1022 | D:2      | Killed Crazy Yiuf
  1023 | D:2      | Reached skill level 5 in Unarmed Combat
  1023 | D:2      | Reached XP level 4. HP: 31/44 MP: 3/3
  1376 | D:3      | Found Temy's Magic Scroll Shoppe.
  1389 | D:3      | Found Pafow's General Store.
  1410 | D:3      | Bought a scroll of amnesia for 45 gold pieces
  1410 | D:3      | Bought a scroll of teleportation for 39 gold pieces
  1410 | D:3      | Bought a scroll of fog for 26 gold pieces
  1410 | D:3      | Bought a scroll of identify for 26 gold pieces
  1579 | D:4      | Found a glowing drain.
  1592 | D:4      | Reached XP level 5. HP: 50/50 MP: 4/4
  1598 | Sewer    | Entered a sewer
  1617 | Sewer    | Reached skill level 6 in Unarmed Combat
  1724 | Sewer    | Reached *** piety under Trog
  1856 | Sewer    | Reached XP level 6. HP: 50/59 MP: 5/5
  2054 | D:4      | Reached skill level 7 in Unarmed Combat
  2321 | D:4      | Identified a scroll of acquirement
  2322 | D:4      | Acquired a manual of Fighting
  2492 | D:4      | Reached XP level 7. HP: 44/66 MP: 6/6
  2743 | D:4      | Found Orekles's Antique Armour Emporium.
  2835 | D:5      | Entered Level 5 of the Dungeon
  2847 | D:5      | Reached skill level 8 in Unarmed Combat
  3134 | D:5      | Found Sazxasmi's Antique Armour Boutique.
  3320 | D:5      | Found a staircase to the Ecumenical Temple.
  3367 | D:5      | Noticed Duvessa
  3367 | D:5      | Noticed Dowan
  3388 | D:5      | Killed Duvessa
  3389 | D:5      | Reached skill level 9 in Unarmed Combat
  3389 | D:5      | Reached XP level 8. HP: 79/79 MP: 7/7
  3393 | D:5      | Killed Dowan
  3482 | D:5      | Found a sparkling altar of Nemelex Xobeh.
  3600 | D:6      | Noticed Sigmund
  3602 | D:6      | Reached **** piety under Trog
  3603 | D:6      | Reached skill level 5 in Fighting
  3613 | D:6      | Killed Sigmund
  3710 | D:6      | Reached skill level 10 in Unarmed Combat
  3819 | D:6      | Found a sand-covered staircase.
  3826 | Ossuary  | Entered an ossuary
  4543 | D:7      | Reached XP level 9. HP: 90/92 MP: 8/8
  4600 | D:7      | Found an iron altar of Okawaru.
  4647 | D:7      | Reached skill level 11 in Unarmed Combat
  4938 | D:7      | Found a shimmering altar of Xom.
  4940 | D:7      | Found a blossoming altar of Fedhas.
  5596 | D:8      | Reached skill level 12 in Unarmed Combat
  5655 | D:8      | Found a staircase to the Lair.
  5929 | D:8      | Reached ***** piety under Trog
  6576 | D:9      | Reached XP level 10. HP: 107/107 MP: 9/9
  6674 | D:9      | Noticed a two-headed ogre
  6688 | D:9      | Killed a two-headed ogre
  6689 | D:9      | Reached skill level 13 in Unarmed Combat
  6918 | D:9      | Found Qebleq's Evil Emporium.
  7054 | D:9      | Reached skill level 1 in Maces & Flails
  7215 | D:9      | Found a radiant altar of Vehumet.
  7368 | D:9      | You fall into a shaft and drop 3 floors!
  7373 | D:12     | Noticed a deep elf pyromancer
  7387 | D:12     | Killed a deep elf pyromancer
  7388 | D:12     | Reached skill level 10 in Fighting
  7469 | D:10     | Entered Level 10 of the Dungeon
  7539 | D:10     | Noticed Snorg
  7547 | D:10     | Noticed Erica
  7557 | D:9      | Killed Snorg
  7742 | D:9      | Found a glowing silver altar of Zin.
  7768 | D:10     | Noticed a two-headed ogre
  7773 | D:10     | Killed a two-headed ogre
  7825 | D:10     | Killed Erica
  7826 | D:10     | Reached XP level 11. HP: 120/120 MP: 10/10
  7831 | D:10     | Reached skill level 14 in Unarmed Combat
  8009 | D:10     | Acquired 1150 gold pieces
  8394 | D:10     | Noticed Maggie
  8450 | D:10     | Killed Maggie
  8673 | D:11     | Reached skill level 5 in Maces & Flails
  9151 | D:11     | Reached skill level 1 in Armour
  9248 | D:11     | Found a sparkling altar of Nemelex Xobeh.
  9281 | D:11     | Reached skill level 1 in Throwing
  9281 | D:11     | Reached skill level 1 in Shields
  9572 | D:11     | Reached skill level 1 in Evocations
  9590 | D:11     | Found a staircase to the Orcish Mines.
  9604 | D:11     | Received a gift from Trog
  9604 | D:11     | Found the +3 giant club "Skullcrusher" {speed, Str+7}
 10019 | Lair:1   | Entered Level 1 of the Lair of Beasts
 10083 | Lair:1   | Noticed a seven-headed hydra
 10091 | Lair:1   | Killed a seven-headed hydra
 10245 | Lair:1   | Acquired 793 gold pieces
 10247 | Lair:1   | Acquired a manual of Evocations
 10249 | Lair:1   | Acquired 457 gold pieces
 10408 | D:4      | Bought gold dragon scales for 2000 gold pieces
 10496 | D:5      | Bought a runed cloak for 225 gold pieces
 10590 | D:3      | Found Abep's Antique Weapon Emporium.
 10608 | D:3      | Found a sacrificial altar of Ru.
 10786 | D:3      | Found a bloodstained altar of Trog.
 10921 | D:3      | Noticed Grinder
 10929 | D:3      | Killed Grinder
 10946 | D:3      | Found a hide-covered altar of Uskayaw.
 10978 | D:3      | Bought a scroll of brand weapon for 260 gold pieces
 11302 | Lair:1   | Noticed a five-headed hydra
 11307 | Lair:1   | Killed a five-headed hydra
 11632 | Lair:1   | Reached XP level 12. HP: 118/132 MP: 11/11
 13578 | Lair:3   | Found a staircase to the Shoals.
 13812 | Lair:3   | Found a hole to the Spider Nest.
 13883 | Lair:3   | Received a gift from Trog
 13949 | Lair:3   | Noticed a catoblepas
 13967 | Lair:3   | Killed a catoblepas
 14661 | Lair:4   | Noticed a hell hog
 14707 | Lair:4   | Noticed a death yak
 14707 | Lair:4   | Noticed a death yak
 14707 | Lair:4   | Noticed a death yak
 14719 | Lair:4   | Killed a death yak
 14720 | Lair:4   | Reached skill level 5 in Armour
 14727 | Lair:4   | Noticed a death yak
 14730 | Lair:4   | Noticed a death yak
 14871 | Lair:4   | Killed a death yak
 14880 | Lair:4   | Killed a death yak
 14888 | Lair:4   | Killed a death yak
 14890 | Lair:4   | Reached XP level 13. HP: 125/141 MP: 12/12
 14891 | Lair:4   | Reached skill level 15 in Unarmed Combat
 15108 | Lair:4   | Found a transporter.
 15132 | Lair:4   | Reached skill level 5 in Evocations
 15189 | Lair:4   | Reached skill level 5 in Dodging
 15194 | Lair:4   | Found a one-way gate to the infinite horrors of the Abyss.
 15200 | Lair:4   | Noticed Atont's ghost (journeyman DDFi)
 15367 | Lair:4   | Found a transporter.
 16390 | Lair:5   | Found a viscous altar of Jiyva.
 16390 | Lair:5   | Found a staircase to the Slime Pits.
 16492 | Lair:5   | Reached skill level 5 in Throwing
 16566 | Lair:5   | Noticed a dire elephant
 16577 | Lair:5   | Killed a dire elephant
 17089 | Lair:6   | Entered Level 6 of the Lair of Beasts
 17097 | Lair:6   | Received a gift from Trog
 17388 | Lair:6   | Reached XP level 14. HP: 61/150 MP: 13/13
 18697 | Lair:6   | Found the +4 dagger "Morg" {pain, Will+ Int+5}
 18723 | Lair:6   | Reached ****** piety under Trog
 19856 | D:12     | Found Eruhab's Antique Armour Shop.
 20820 | D:13     | Reached XP level 15. HP: 142/158 MP: 14/14
 20993 | D:13     | Reached skill level 10 in Evocations
 21270 | D:13     | Received a gift from Trog
 21936 | D:13     | Killed from afar by a deep elf knight

Illustrated notes

Levels and vault maps discovered:
D:1:      dpeg_arrival_morbid_curiosity, layout_basic, kennysheep_crisscross
D:2:      layout_basic, nicolae_ecumenical_snake_handling,
          uniq_crazy_yiuf_cottage
D:3:      layout_loops_ring, nicolae_uskayaw_dance_hall, lemuel_round_altar,
          amcnicky_altar_gilded, serial_shops, nicolae_shop_waterfront,
          shop_coins, shop, uniq_grinder
D:4:      layout_loops_corners, portal_sewer_entry_a, serial_shops,
          nicolae_lakefront_shop, hangedman_decor_clover_reticule
D:5:      layout_gridville, kennysheep_mini, minmay_temple_entry_tees,
          serial_shops, nicolae_stop_n_shop_1, uniq_duvessa
D:6:      layout_basic, nicolae_ossuary_entry_catacombs, uniq_sigmund
D:7:      layout_loops_corners, mainiacjoe_overflow_cross_hatched, minitemple
D:8:      layout_loops_ring, dpeg_oklobed_lair
D:9:      layout_long_grid, vehumet_altar_wand_db,
          lemuel_coloured_pillars_altar, nicolae_evil_shop
D:10:     layout_loops_ring, st_stairs_3, uniq_maggie, uniq_snorg, uniq_erica
D:11:     layout_long_grid, hiddenorc2_lemuel, nemelex_lonely_heart_becter
D:12:     layout_loops_ring, serial_shops, shop
D:13:     minmay_angry_zag, layout_loops_corners, grunt_vaults_entry_fortified
Lair:1:   layout_layer_cave
Lair:2:   layout_cave_pods, cheibrodos_lair_caveside_slide
Lair:3:   layout_small_grid, minmay_shoals_entry_hut,
          hellmonk_spider_entry_life_and_decay, serial_bayou_shore_a
Lair:4:   layout_loops_ring, gammafunk_ghost_abyssal_escape,
          chequers_serial_rivers_large_a, hibernation_bobbens
Lair:5:   mu_elephants_graveyard, layout_loops_ring, slime_altar_1,
          wad_woods_river_03, serial_bayou_ford_a
Lair:6:   due_jungle_book, layout_loops_ring, grunt_megastairs_5

Skill      XL: |  1  2  3  4  5  6  7  8  9 10 11 12 13 14 15 |
---------------+----------------------------------------------+-----
Unarmed Combat | 4 5 6 7 9 10 12 13 14 15 | 15.0
Fighting       | 4 6 9 11 12 | 12.5
Maces & Flails | 4 5 6 7 8 |  8.7
Armour         | 2 5 7 8 9 |  9.0
Throwing       | 2 4 5 6 |  6.8
Shields        | 1 3 4 |  4.9
Evocations     | 2 4 7 9 10 | 10.3
Dodging        | 3 4 5 6 |  6.9
Stealth        | |  0.3

Action                   |  1- 3 |  4- 6 |  7- 9 | 10-12 | 13-15 || total
-------------------------+-------+-------+-------+-------+-------++-------
Melee: Unarmed           |    88 |   107 |   336 |   514 |   749 ||  1794
       Punch             |     2 |     7 |    21 |    51 |    87 ||   168
       Giant club        |       |       |       |     4 |    26 ||    30
Throw: Dart              |       |     1 |     3 |    10 |       ||    14
       Large rock        |       |       |       |     4 |    12 ||    16
Invok: Berserk           |     1 |       |     2 |     5 |       ||     8
       Trog's Hand       |       |       |     2 |     6 |     3 ||    11
  Use: Scroll            |       |     5 |     6 |    11 |     8 ||    30
 Stab: Sleeping          |       |       |     1 |       |       ||     1
Armor: Animal skin       |    27 |    36 |    63 |    24 |       ||   150
       Swamp dragon scal |       |       |       |    97 |       ||    97
       Gold dragon scale |       |       |       |    96 |   372 ||   468
Dodge: Dodged            |    57 |    33 |   115 |   174 |   135 ||   514
Block: Other             |       |       |    62 |   110 |   119 ||   291
       Reflection        |       |       |     1 |     1 |     8 ||    10

Table legend: (Time is in decaauts)
 A = Elapsed time spent in this place.
 B = Non-inter-level travel time spent in this place.
 C = Inter-level travel time spent in this place.
 D = Time resting spent in this place.
 E = Time spent auto-exploring this place.
 F = Levels seen in this place.
 G = Mean time per level.
                   A        B        C        D        E       F      G
               +--------+--------+--------+--------+--------+-----+--------+
         Total |  21751 |  20511 |   1240 |   3265 |  12097 |  21 | 1035.8 |
       Dungeon |  12543 |  11648 |    895 |   1706 |   7082 |  13 |  964.8 |
          Lair |   8506 |   8161 |    345 |   1513 |   4700 |   6 | 1417.7 |
         Sewer |    480 |    480 |      0 |     13 |    270 |   1 |  480.0 |
       Ossuary |    220 |    220 |      0 |     31 |     44 |   1 |  220.0 |
               +--------+--------+--------+--------+--------+-----+--------+

Top non-repeatable levels by time:
  Lair:6: 2198 daAuts
    D:13: 1689 daAuts
  Lair:4: 1451 daAuts
  Lair:1: 1401 daAuts
    D:11: 1301 daAuts
     D:7: 1232 daAuts
  Lair:5: 1212 daAuts
     D:4: 1174 daAuts
     D:9: 1172 daAuts
  Lair:2: 1126 daAuts
  Lair:3: 1117 daAuts
     D:8: 1022 daAuts
    D:10: 946 daAuts
     D:1: 788 daAuts
     D:5: 780 daAuts
